 Dungeon Crawl Stone Soup version 0.23.2-1-ga50397a6bc (webtiles) character file.

Game seed: 9226303325159137942

2289 Kobolds4U the Thrower (level 9, -3/42 HPs)
             Began as a Spriggan Assassin on May 31, 2019.
             Was a Priest of Okawaru.
             Shot with a sling bullet by Joseph (16 damage)
             ... on level 7 of the Dungeon.
             The game lasted 00:25:02 (9626 turns).

Kobolds4U the Thrower (Spriggan Assassin)           Turns: 9626, Time: 00:25:03

Health: -3/42      AC:  3    Str:  7    XL:     9   Next: 17%
Magic:  11/11      EV: 23    Int: 13    God:    Okawaru [***...]
Gold:   406        SH:  0    Dex: 16    Spells: 5/8 levels left

rFire    + + .     SeeInvis +   b - +0 blowgun
rCold    + + .     Gourm    .   (shield restricted)
rNeg     . . .     Faith    .   P - +1 robe {rC+ rF+}
rPois    .         Spirit   .   r - +0 hat {MR+}
rElec    .         Reflect  .   D - scarf {rC+ rF+}
rCorr    .         Harm     .   (gloves unavailable)
MR       ++...                  (boots unavailable)
Stlth    ++++......             (no amulet)
HPRegen  0.14/turn              n - ring of stealth
MPRegen  0.12/turn              K - -4 ring of dexterity (curse)

@: very quick
A: very small, unfitting armour, see invisible, herbivore, speed 3, slow
metabolism 2
a: Heroism, Renounce Religion


You were on level 7 of the Dungeon.
You worshipped Okawaru.
Okawaru was most pleased with you.
You were very hungry.

You visited 2 branches of the dungeon, and saw 8 of its levels.
You also visited: Sewer.

You collected 406 gold pieces.

Inventory:

Hand Weapons
 a - a +2 short sword of flaming
 b - a +0 blowgun (weapon)
 c - a +2 dagger of speed
 t - a +0 shortbow
 y - a +0 whip of flaming
 F - a +0 rapier
 H - the +5 hand axe of Wondrous Power {flame, Dex+4, unknown}
   (You found it on level 7 of the Dungeon)

   It has been specially enchanted to burn those struck by it, causing extra
   injury to most foes and up to half again as much damage against particularly
   susceptible opponents.
   Big, fiery blades are also staple armaments of hydra-hunters.
   It affects your dexterity (+4).
 J - a +0 scimitar
Missiles
 f - 2 curare-tipped needles
 u - 102 arrows
 E - 22 poisoned needles (quivered)
Armour
 d - a +0 cloak
 r - a +0 hat of magic resistance (worn)
 x - a scarf of resistance
 D - a scarf of resistance (worn)
 P - a +1 robe of resistance (worn)
Jewellery
 k - an uncursed ring of protection from magic
 n - a ring of stealth (left hand)
 K - a cursed -4 ring of dexterity (right hand)
 M - a +2 ring of intelligence
Wands
 q - a wand of iceblast (7)
 I - a wand of digging (1)
 N - a wand of polymorph (12)
 Q - a wand of random effects (12)
Scrolls
 j - a scroll of amnesia {unknown}
 l - a scroll of immolation {unknown}
 s - a scroll of fear
 v - a scroll of magic mapping {unknown}
 z - 3 scrolls of blinking
 C - a scroll of summoning {unknown}
 G - 3 scrolls of remove curse {unknown}
 L - a scroll of silence {unknown}
 R - a scroll of enchant armour {unknown}
Potions
 e - 3 potions of agility
 h - 2 potions of might
 i - 2 potions of cancellation
 m - 4 potions of heal wounds
 o - 4 potions of flight
 p - a potion of magic {unknown}
 w - 4 potions of curing
 A - 2 potions of invisibility {unknown}
 B - a potion of mutation {unknown}
 O - a potion of haste {unknown}
Comestibles
 g - 10 rations


   Skills:
 - Level 2.1 Fighting
 + Level 7.8 Short Blades
 - Level 8.0 Throwing
 - Level 8.0 Dodging
 - Level 6.3 Stealth
 * Level 2.2 Invocations


You had 5 spell levels left.
You knew the following spells:

 Your Spells              Type           Power        Failure   Level  Hunger
a - Dazzling Spray        Conj/Hex       #.....       67%         3    ####...

Your spell library contained the following spells:

 Spells                   Type           Power        Failure   Level  Hunger
 Magic Dart               Conj           #...         30%         1    ##.....
 Searing Ray              Conj           #.....       43%         2    ###....
 Force Lance              Conj/Tloc      #.......     97%         4    #####..
 Fulminant Prism          Conj/Hex       #.........   97%         4    #####..
 Iskenderun's Mystic Bla  Conj           #.......     97%         4    #####..


Dungeon Overview and Level Annotations

Branches:
Dungeon (7/15)             Temple (1/1) D:4

Altars:
Ashenzari
Cheibriados
Dithmenos
Elyvilon
Fedhas
Gozag
Hepliaklqana
Kikubaaqudgha
Makhleb
Nemelex Xobeh
Okawaru
Ru
Sif Muna
Trog
Uskayaw
Vehumet
Wu Jian
Xom
Zin
The Shining One

Annotations:
D:7 Joseph


Innate Abilities, Weirdness & Mutations

You are very small and have problems with some larger weapons.
You are too small for most types of armour.
You have supernaturally acute eyesight. (SInv)
You are a herbivore.
You cover ground extremely quickly.
You need to consume almost no food.


Message History

Aim: Joseph, wielding a +4 hunting sling of flaming and wearing a +2 leather armour of poison resistance You shoot a poisoned needle.
The poisoned needle closely misses Joseph.
Joseph shoots a sling bullet.
The sling bullet completely misses you.
Joseph shoots a sling bullet.
The sling bullet closely misses you.
Firing (i - inventory. (/) - cycle)
E - 24 poisoned needles (quivered)
Press: ? - help, Shift-Dir - straight line, f/p - Joseph
Aim: Joseph, wielding a +4 hunting sling of flaming and wearing a +2 leather armour of poison resistance You shoot a poisoned needle.
The poisoned needle hits Joseph!
Joseph is poisoned.
Joseph shoots a sling bullet.
The sling bullet hits you!
Things that are here:
a sling bullet; a cursed -2 whip; a gnoll skeleton Firing (i - inventory. (/) - cycle)
E - 23 poisoned needles (quivered)
Press: ? - help, Shift-Dir - straight line, f/p - Joseph
Aim: Joseph, wielding a +4 hunting sling of flaming and wearing a +2 leather armour of poison resistance (poisoned)
You shoot a poisoned needle.
The poisoned needle completely misses Joseph.
Joseph shoots a sling bullet.
The sling bullet hits you!
You die...

#.##...## #.##...#
#######[##...## #.......#8...8#
#.########...## #.#8###8##...#
#+#########............##
..((.(.)(@.....((......⌠#
......()###....(@......##
........# ###8###8##...#
..(.....# ### ####...## ........#
#8...8# ........# ##...##########
........########## #...###.......
..................##...##........
..................#8...8##.......
##########.######.##...###.......


You could see Joseph.

Vanquished Creatures
  Purgy (Sewer)
  An ice beast (D:6)
  A phantom (D:6)
  2 ogres
  2 centaurs
  A crocodile (D:6)
  Blork the orc (D:5)
  A big kobold (D:7)
  6 bullfrogs
  A water moccasin zombie (D:6)
  A water moccasin skeleton (D:5)
  A centaur zombie (D:5)
  A quasit (D:6)
  A bullfrog zombie (D:5)
  2 hounds
  2 bullfrog skeletons
  2 orc priests
  2 gnoll shamans
  4 orc wizards
  Ijyb (D:4)
  2 iguanas
  4 worker ants (D:4)
  A hound zombie (D:6)
  A hound skeleton (D:5)
  2 howler monkey skeletons
  A howler monkey zombie (D:6)
  11 adders
  11 gnolls
  A shadow imp (D:4)
  2 oozes
  2 adder skeletons
  An adder zombie (D:7)
  A worm (D:4)
  3 dart slugs (D:1)
  4 leopard geckos
  12 orcs
  2 bat zombies (D:5)
  6 giant cockroaches
  7 goblins
  5 hobgoblins
  6 jackals
  2 quokkas
  8 bats
  7 frilled lizards
  10 kobolds
  6 rats
  2 rat zombies (D:5)
154 creatures vanquished.

Vanquished Creatures (others)
  A kobold (D:7)
1 creature vanquished.

Grand Total: 155 creatures vanquished

Notes
Turn   | Place    | Note
-------+----------+-------------------------------------------
     0 | D:1      | Kobolds4U the Spriggan Assassin began the quest for the
                  | Orb.
     0 | D:1      | Reached XP level 1. HP: 10/10 MP: 2/2
   111 | D:1      | Reached XP level 2. HP: 4/14 MP: 3/3
   780 | D:1      | Reached XP level 3. HP: 18/18 MP: 4/4
  1383 | D:2      | Reached XP level 4. HP: 18/22 MP: 5/5
  1633 | D:2      | Found an iron altar of Okawaru.
  1639 | D:2      | Became a worshipper of Warmaster Okawaru
  1657 | D:2      | Noticed a centaur
  1665 | D:2      | Killed a centaur
  1665 | D:2      | Reached skill level 5 in Dodging
  1665 | D:2      | Reached XP level 5. HP: 25/25 MP: 6/6
  1972 | D:2      | Found a deep blue altar of Sif Muna.
  2109 | D:2      | Found a faded altar of an unknown god.
  3151 | D:4      | Reached XP level 6. HP: 30/30 MP: 7/7
  3161 | D:4      | Found a glowing drain.
  3175 | Sewer    | Entered a sewer
  3245 | Sewer    | Noticed Purgy
  3279 | Sewer    | Killed Purgy
  3279 | Sewer    | Reached * piety under Okawaru
  4619 | D:4      | Found a staircase to the Ecumenical Temple.
  4644 | Temple   | Entered the Ecumenical Temple
  4862 | D:4      | Reached skill level 5 in Short Blades
  4862 | D:4      | Reached XP level 7. HP: 35/35 MP: 8/8
  5149 | D:4      | Reached skill level 5 in Throwing
  5214 | D:4      | Found a sacrificial altar of Ru.
  5443 | D:4      | Noticed Ijyb
  5476 | D:4      | Killed Ijyb
  5571 | D:4      | Found an opulent altar of Gozag.
  5639 | D:5      | Entered Level 5 of the Dungeon
  5742 | D:5      | Reached ** piety under Okawaru
  5748 | D:5      | Noticed Blork the orc
  5803 | D:5      | Killed Blork the orc
  5947 | D:5      | Reached XP level 8. HP: 29/39 MP: 9/9
  6657 | D:5      | Found an ancient bone altar of Kikubaaqudgha.
  6906 | D:6      | Reached *** piety under Okawaru
  8132 | D:7      | Learned a level 3 spell: Dazzling Spray
  8498 | D:6      | Reached XP level 9. HP: 13/42 MP: 10/10
  9101 | D:7      | Got a translucent hand axe
  9197 | D:7      | Found a glowing golden altar of the Shining One.
  9232 | D:7      | Reached skill level 1 in Invocations
  9580 | D:7      | Noticed Joseph
  9626 | D:7      | Shot with a sling bullet by Joseph

Skill      XL: |  1  2  3  4  5  6  7  8  9 |
---------------+----------------------------+-----
Stealth        | 6 |  6.3
Dodging        | 2 3 4 5 6 7 8 |  8.0
Short Blades   | 3 4 5 6 7 |  7.8
Throwing       | 3 4 6 8 |  8.0
Fighting       | 2 |  2.1
Invocations    | 2 |  2.2

Action                   |  1- 3 |  4- 6 |  7- 9 || total
-------------------------+-------+-------+-------++-------
Melee: Dagger            |    81 |    59 |    25 ||   165
       Short sword       |     8 |   125 |   488 ||   621
 Fire: Blowgun           |    12 |    22 |    35 ||    69
  Use: Scroll            |       |     3 |     7 ||    10
 Stab: Sleeping          |    10 |    12 |     5 ||    27
       Distracted        |       |     2 |     1 ||     3
  Eat: Ration            |       |     1 |     2 ||     3
Armor: Robe              |    23 |    11 |    20 ||    54
Dodge: Dodged            |    87 |   179 |   426 ||   692
